 Seeded DCSS version 0.30-a0-774-g4aa5aa1 (webtiles) character file.

Game seed: 8324729408565558965 (custom seed)

178377 Illumine the Tortoise (level 18, 0/107 HPs)
             Began as a Tengu Fighter on Feb 12, 2023.
             Was the Champion of Hepliaklqana.
             Killed from afar by a quicksilver dragon (41 damage)
             ... with a bolt of dispelling energy
             ... on level 4 of the Snake Pit.
             The game lasted 01:05:33 (28074 turns).

Illumine the Tortoise (Tengu Fighter)              Turns: 28074, Time: 01:05:33

Health: 0/107      AC: 26    Str: 19    XL:     18   Next: 20%
Magic:  25/25      EV: 14    Int:  9    God:    Hepliaklqana [******]
Gold:   1365       SH: 18    Dex: 18    Spells: 16/17 levels left

rFire   . . .      SeeInvis +    b - +6 sling of the Five People {freeze, rC++ rN++}
rCold   + + +      Faith    .    T - +0 kite shield {rC+}
rNeg    + + +      Spirit   .    K - +6 scale mail "Hioroh" {rPois Stlth+}
rPois   +          Reflect  +    n - +0 hat {Stlth+}
rElec   .          Harm     .    y - +2 ratskin cloak {*Rats rPois rN+ Str-1 Int-1 Dex+1}
rCorr   +          Rampage  .    D - +0 pair of gloves
Will    +....                    (boots unavailable)
Stlth   ++                       g - amulet of reflection
HPRegen 0.37/turn                O - +4 ring of protection
MPRegen 0.19/turn                c - ring "Deicrom" {rPois rC++ rCorr Slay+4 SInv}

@: weakened, flying quickly and evasively, invisible (expiring), quick
A: reduced essence, beak, talons 3, nimble flight
a: Renounce Religion, Recall Ancestor, Ancestor Identity, Transference, Idealise


You were on level 4 of the Snake Pit.
You worshipped Hepliaklqana.
Hepliaklqana was exalted by your worship.
You visited 6 branches of the dungeon, and saw 28 of its levels.
You also visited: Gauntlet and Ice Cave.

You collected 2992 gold pieces.
You spent 1627 gold pieces at shops.

Inventory:

Hand Weapons
 a - a +3 demon trident of draining
 b - the +6 sling of the Five People (weapon) {freeze, rC++ rN++}
   (You bought it in a shop on level 2 of the Dungeon)

   rC:        It greatly protects you from cold.
   rN:        It greatly protects you from negative energy.
Missiles
 m - 35 boomerangs
Armour
 n - a +0 hat of stealth (worn)
 y - the +2 ratskin cloak (worn) {*Rats rPois rN+ Str-1 Int-1 Dex+1}
   (You found it on level 3 of the Dungeon)

   *Rats:     When the wearer is hurt, rats may emerge from it to assist them.
   Str:       It affects your strength (-1).
   Int:       It affects your intelligence (-1).
   Dex:       It affects your dexterity (+1).
   rPois:     It protects you from poison.
   rN:        It protects you from negative energy.
 D - a +0 pair of gloves (worn)
 K - the +6 scale mail "Hioroh" (worn) {rPois Stlth+}
   (You found it in a Gauntlet)

   rPois:     It protects you from poison.
   Stlth:     It makes you more stealthy.
 T - a +0 kite shield of cold resistance (worn)
 Z - the +1 ring mail "Hecohoan" {rElec rCorr Int+3}
   (You found it in a Gauntlet)

   Int:       It affects your intelligence (+3).
   rElec:     It insulates you from electricity.
   rCorr:     It protects you from acid and corrosion.
Jewellery
 c - the ring "Deicrom" (right hand) {rPois rC++ rCorr Slay+4 SInv}
   (You acquired it on level 10 of the Dungeon)

   [ring of slaying]

   Slay:      It affects your accuracy & damage with ranged weapons and melee
   (+4).
   rC:        It greatly protects you from cold.
   rPois:     It protects you from poison.
   SInv:      It lets you see invisible.
   rCorr:     It protects you from acid and corrosion.
 g - an amulet of reflection (around neck)
 t - a ring of positive energy
 v - a ring of resist corrosion
 B - a ring of protection from fire
 H - a ring of positive energy
 J - a +5 ring of evasion
 N - a ring of protection from fire
 O - a +4 ring of protection (left hand)
 P - a +6 ring of dexterity
Wands
 e - a wand of light (12)
 z - a wand of digging (3)
 E - a wand of flame (41)
 G - a wand of paralysis (19)
 I - a wand of polymorph (9)
 U - a wand of iceblast (21)
 Y - a wand of mindburst (18)
Scrolls
 f - 4 scrolls of amnesia
 h - 4 scrolls of fog
 j - 5 scrolls of enchant armour
 k - a scroll of noise
 l - 3 scrolls of teleportation
 q - 2 scrolls of magic mapping
 r - 6 scrolls of vulnerability
 C - 11 scrolls of poison
 S - a scroll of immolation
 V - 10 scrolls of identify
 W - 3 scrolls of fear
 X - 3 scrolls of blinking
Potions
 d - 5 potions of might
 i - 6 potions of heal wounds
 o - 5 potions of brilliance
 p - 7 potions of curing
 u - 3 potions of cancellation
 x - 4 potions of haste
 A - 3 potions of ambrosia
 F - a potion of resistance
 L - 4 potions of lignification
 M - 6 potions of berserk rage
 Q - 4 potions of attraction
 R - 3 potions of invisibility
Miscellaneous
 s - a lightning rod (4/4)
 w - a tin of tremorstones (2/2)


   Skills:
 + Level 15.1 Fighting
 + Level 8.1 Polearms
 - Level 14.1 Ranged Weapons
 + Level 18.5 Armour
 - Level 5.0 Dodging
 + Level 12.7 Shields
 - Level 9.0 Invocations
 + Level 10.6 Evocations


You had 16 spell levels left.
You knew the following spells:

 Your Spells              Type           Power      Damage    Failure   Level
a - Apportation           Tloc           0%         N/A       85%         1

Your spell library contained the following spells:

 Spells                   Type           Power      Damage    Failure   Level
 Ensorcelled Hibernation  Hex/Ice        0%         N/A       94%         2
 Passwall                 Tmut/Erth      0%         N/A       94%         2
 Static Discharge         Conj/Air       0%         2-2/arc   94%         2
 Dazzling Flash           Conj/Hex       0%         N/A       99%         3
 Gell's Gravitas          Tloc           0%         N/A       99%         3
 Hailstorm                Conj/Ice       0%         3d3       99%         3
 Swiftness                Air            0%         N/A       99%         3
 Teleport Other           Tloc           0%         N/A       99%         3
 Vhi's Electric Charge    Tloc/Air       0%         N/A       99%         3
 Ice Form                 Ice/Tmut       0%         N/A       100%        4
 Iskenderun's Mystic Bla  Conj/Tloc      0%         2d3       100%        4
 Passage of Golubria      Tloc           0%         N/A       100%        4
 Summon Ice Beast         Ice/Summ       0%         N/A       100%        4
 Alistair's Intoxication  Tmut/Pois      0%         N/A       100%        5
 Arcjolt                  Conj/Air       0%         1d10      100%        5
 Borgnjor's Vile Clutch   Necr/Erth      0%         N/A       100%        5
 Lightning Bolt           Conj/Air       0%         1d11      100%        5
 Silence                  Hex/Air        0%         N/A       100%        5
 Summon Mana Viper        Hex/Summ       0%         N/A       100%        5
 Dispersal                Tloc           0%         N/A       100%        6
 Eringya's Noxious Bog    Tmut/Pois      0%         N/A       100%        6
 Simulacrum               Ice/Necr       0%         N/A       100%        6
 Starburst                Conj/Fire      0%         6d3       100%        6
 Monstrous Menagerie      Summ           0%         N/A       100%        7
 Lehudib's Crystal Spear  Conj/Erth      0%         10d2      100%        8
 Maxwell's Capacitive Co  Air            0%         ∞         100%        8


Dungeon Overview and Level Annotations

Branches:
Dungeon (15/15)            Temple (1/1) D:4            Lair (5/5) D:11
 Shoals (1/4) Lair:2        Snake (4/4) Lair:2        Slime (0/5) Lair:4
    Orc (2/2) D:10            Elf (0/3) Orc:2        Vaults (0/5) D:13
 Depths (0/4) D:15          IceCv (visited)         Gauntlet (visited)

Altars:
Ashenzari
Cheibriados
Dithmenos
Elyvilon
Fedhas
Gozag
Hepliaklqana
Kikubaaqudgha
Makhleb
Nemelex Xobeh
Okawaru
Qazlal
Ru
Sif Muna
Trog
Uskayaw
Vehumet
Wu Jian
Xom
Yredelemnul
Zin
The Shining One
Jiyva

Shops:
D:2 (:=   D:7 ?   Orc:1 !*!   Orc:2 =(*?   Snake:1 :   Snake:2 :**

Annotations:
D:8 4 transporters
Snake:3 3 runed translucent doors, Escheon's ghost, adept MiBe
Orc:1 3 runed translucent doors, Gunk's ghost, journeyman BaGl


Innate Abilities, Weirdness & Mutations

Your life essence is reduced to manifest your ancestor. (-10% HP)
You have a beak for a mouth.
You have claws for feet.
Your magical nature lets you fly swiftly and evasively.


Message History

The sling bullet freezes the salamander tyrant.
The salamander tyrant is heavily wounded.
You hear a shout!
The salamander tyrant hits Zola but does no damage.
Fire: b) +6 sling of the Five People {freeze, rC++ rN++}
Press: ? - help, Q - select action, (/) - cycle Shift-Dir - straight line, f/p - salamander tyrant
Aim: a salamander tyrant (heavily wounded, ally target, 83% to hit)
You shoot a sling bullet. Zola avoids your attack.
The sling bullet hits the salamander tyrant!
The sling bullet freezes the salamander tyrant.
The salamander tyrant is severely wounded.
Zola hits the salamander tyrant with a +0 broad axe of flaming.
The salamander tyrant gazes fiercely through you!
You feel as though you will be weak longer.
Fire: b) +6 sling of the Five People {freeze, rC++ rN++}
Press: ? - help, Q - select action, (/) - cycle Shift-Dir - straight line, f/p - salamander tyrant
Aim: a salamander tyrant (severely wounded, ally target, 83% to hit)
You shoot a sling bullet.
The sling bullet barely misses the salamander tyrant.
A quicksilver dragon comes into view.
Zola barely misses the salamander tyrant.
The salamander tyrant gazes fiercely through you!
You feel as though you will be weak longer.
Fire: b) +6 sling of the Five People {freeze, rC++ rN++}
Press: ? - help, Q - select action, (/) - cycle Shift-Dir - straight line, f/p - salamander tyrant
Aim: a salamander tyrant (severely wounded, ally target, 83% to hit)
Really fire in your hell rat's direction? [Y]es or [N]o only, please.
Really fire in your hell rat's direction?
Okay, then.
Unknown command.
Zola hits the salamander tyrant but does no damage.
The salamander tyrant hits Zola.
Zola is engulfed in flames!
Zola resists.
You fade into invisibility!
Your hell rat bites the salamander tyrant but does no damage.
The quicksilver dragon breathes dispelling energy at you.
The bolt of dispelling energy hits you!!!
Your magical effects are unravelling.
You die...

#...##..†#
##.####..##
##...#....##
##..........##
#..R##+##)...# #.N#
##...# #.r# #..##
#≈.+ #...# ##.@#
#...# .##'##.≈###
##..##
.....D.'#.#####).##
#8...8##...##..)##
...... ##......##
..#.# ##..#### . ##
####


You could see the friendly Zola the knight, a quicksilver dragon (catching
breath), a salamander tyrant (unable to see you, ally target) and a friendly
hell rat.

Vanquished Creatures
  Gastronok (Lair:3)
  A nagaraja (Snake:4)
  Louise (D:15)
  An ironbound preserver (D:13)
  2 very ugly things (D:15)
  Nessos (Orc:2)
  6 hydras
  3 salamander tyrants
  Erolcha (D:13)
  2 catoblepae (Lair:5)
  5 two-headed ogres
  An ogre mage (D:15)
  6 centaur warriors
  10 death yaks
  3 anacondas
  6 boulder beetles
  A tengu warrior (D:13)
  5 naga warriors
  4 orc high priests (Orc:2)
  A naga sharpshooter (Snake:1)
  2 shock serpents
  Urug (Lair:5)
  3 salamander mystics
  A sea snake (shapeshifter) (D:13)
  A skyshark (Lair:3)
  A glowing orange brain (D:15)
  A lindwurm (Lair:4)
  6 salamanders
  2 mana vipers
  A phantasmal warrior (D:13)
  8 ugly things
  5 orc knights
  3 oklob plants (Lair:4)
  4 elephants
  4 cyclopes
  4 manticores
  3 naga magi
  20 black mambas
  2 guardian serpents
  A black mamba (shapeshifter) (D:15)
  2 gargoyles (D:12)
  6 cane toads
  3 ice statues (IceCv)
  2 unseen horrors (D:13)
  2 rime drakes
  A komodo dragon (Lair:3)
  An efreet (D:14)
  A yaktaur (D:15)
  4 trolls
  An ice devil (Gauntlet)
  3 tengu conjurers
  3 meliai
  3 polar bears
  Grinder (D:5)
  17 blink frogs
  2 slime creatures (D:15)
  A centaur simulacrum (D:15)
  A ynoxinul (Gauntlet)
  2 wyverns
  38 yaks
  A wraith (D:13)
  2 fire elementals (D:12)
  4 hogs (D:12)
  5 basilisks
  2 steam dragons (D:7)
  6 vampire mosquitoes
  A death yak simulacrum (IceCv)
  A warg (Orc:2)
  13 nagas
  A harpy simulacrum (IceCv)
  15 water moccasins
  An acid dragon (D:9)
  An ice beast (D:5)
  4 black bears
  20 orc warriors
  A sky beast (D:7)
  10 ogres
  10 wolves
  9 centaurs
  A phantom (D:6)
  3 kobold brigands
  Blork the orc (D:5)
  9 bullfrogs
  6 scorpions
  2 cane toad simulacra
  2 necrophages
  2 gnoll sergeants
  5 wights
  2 elephant simulacra
  38 killer bees
  8 howler monkeys
  2 electric eels
  6 hounds
  A jelly (D:5)
  A gnoll bouda (D:10)
  24 orc priests
  An iron imp (Gauntlet)
  Jessica (D:3)
  3 iguanas
  Ijyb (D:5)
  18 orc wizards
  4 hell rats
  4 polar bear simulacra
  2 wolf simulacra
  14 gnolls
  4 adders
  A river rat (D:11)
  A shadow imp (D:6)
  4 white imps
  2 ufetubi (D:6)
  A worm (D:3)
  3 dart slugs
  67 orcs
  6 ball pythons
  3 bats
  12 endoplasms
  4 giant cockroaches
  8 goblins
  6 hobgoblins
  5 jackals
  3 quokkas
  3 frilled lizards
  21 kobolds
  14 rats
664 creatures vanquished.

Vanquished Creatures (collateral kills)
  Rupert (Lair:4)
  Kirke (D:12)
  A frost giant (D:13)
  Azrael (D:12)
  A minotaur (Gauntlet)
  Snorg (Lair:4)
  A rakshasa (D:13)
  A hydra (Lair:5)
  2 anacondas
  4 centaur warriors
  A catoblepas (Lair:5)
  7 death yaks
  2 naga warriors (Snake:4)
  2 naga sharpshooters (Snake:1)
  An orc high priest (Orc:2)
  A skyshark (Lair:4)
  A wizard (D:14)
  3 orc knights (Orc:2)
  2 mana vipers
  2 deep elf pyromancers (D:13)
  An ugly thing (D:15)
  A manticore (D:13)
  7 salamanders
  An oklob plant (Lair:4)
  5 cyclopes
  6 elephants
  A guardian serpent (Snake:4)
  A naga mage (Snake:4)
  14 black mambas
  3 cane toads
  A rime drake (Lair:4)
  A freezing wraith (IceCv)
  A tengu conjurer (D:13)
  3 komodo dragons
  The ghost of fearitself the Cudgeller, a novice VSWn (D:5)
  3 trolls
  A merfolk (Lair:2)
  4 meliai
  A queen bee (D:13)
  A meliai (shapeshifter) (D:13)
  A polar bear (Lair:3)
  2 blink frogs
  3 slime creatures (D:15)
  A wyvern (Lair:3)
  A shadow (D:13)
  23 yaks
  3 wraiths
  A basilisk (Lair:2)
  A hog (shapeshifter) (D:15)
  2 hogs (D:12)
  A steam dragon (Lair:3)
  A hydra simulacrum (IceCv)
  6 nagas
  A water moccasin (Lair:2)
  2 wargs
  2 hell hounds (D:12)
  14 orc warriors
  6 ogres
  4 wolves
  2 centaurs (D:14)
  A kobold brigand (D:5)
  3 wights (D:6)
  12 killer bees
  6 orc priests
  An iron imp (Gauntlet)
  2 orc wizards
  2 hell rats (Lair:2)
  A gnoll (D:10)
  2 white imps (Gauntlet)
  9 orcs
  2 kobolds (D:5)
  A rat (D:3)
  A bush (Lair:5)
  A butterfly (Lair:4)
214 creatures vanquished.

Vanquished Creatures (others)
  A human (D:5)
  18 knights
  5 ancestors
  A kobold (D:7)
  28 fungi
  79 plants
132 creatures vanquished.

Grand Total: 1010 creatures vanquished

Notes
Turn   | Place    | Note
-------+----------+-------------------------------------------
     0 | D:1      | Illumine the Tengu Fighter began the quest for the Orb.
     0 | D:1      | Reached XP level 1. HP: 14/14 MP: 2/2
     6 | D:1      | Noticed a water moccasin
     6 | D:1      | Noticed a hound
    19 | D:1      | Noticed an iguana
   121 | D:1      | Reached XP level 2. HP: 19/19 MP: 3/3
   647 | D:1      | Reached XP level 3. HP: 23/23 MP: 4/4
   745 | D:2      | Found Miusei's Book Boutique.
   769 | D:2      | Found Usocics's Antique Weapon Shop.
   894 | D:2      | Found Caq Uru's Jewellery Shop.
   999 | D:2      | Reached XP level 4. HP: 19/28 MP: 5/5
  1556 | D:3      | Found a bloodstained altar of Trog.
  1582 | D:3      | Noticed Jessica
  1589 | D:3      | Killed Jessica
  1595 | D:3      | Reached skill level 4 in Armour
  1595 | D:3      | Gained mutation: Your magical nature lets you fly swiftly
                  | and evasively. [Tengu growth]
  1595 | D:3      | Reached XP level 5. HP: 19/32 MP: 6/6
  1952 | D:2      | Bought a fading sling for 136 gold pieces
  1952 | D:2      | Identified the +6 sling of the Five People {freeze, rC++
                  | rN++} (You bought it in a shop on level 2 of the Dungeon)
  2008 | D:4      | Noticed a black bear
  2044 | D:3      | Reached skill level 1 in Ranged Weapons
  2044 | D:3      | Reached XP level 6. HP: 37/38 MP: 7/7
  2232 | D:3      | Found the +2 ratskin cloak {*Rats rPois rN+ Str-1 Int-1
                  | Dex+1}
  2290 | D:3      | Found a basalt altar of Yredelemnul.
  2353 | D:3      | Found a shadowy altar of Dithmenos.
  2692 | D:4      | Killed a black bear
  2693 | D:4      | Reached XP level 7. HP: 44/44 MP: 8/8
  2811 | D:4      | Found a staircase to the Ecumenical Temple.
  2835 | Temple   | Entered the Ecumenical Temple
  2990 | D:5      | Entered Level 5 of the Dungeon
  2998 | D:5      | Noticed Ijyb
  3000 | D:5      | You are sucked into a shaft and drop 2 floors!
  3153 | D:6      | Reached skill level 5 in Polearms
  3161 | D:6      | Reached skill level 5 in Armour
  3374 | D:5      | Reached XP level 8. HP: 48/48 MP: 9/9
  3399 | D:5      | Reached skill level 5 in Fighting
  3502 | D:5      | Killed Ijyb
  3538 | D:5      | Reached skill level 5 in Ranged Weapons
  3538 | D:5      | Reached skill level 6 in Armour
  3706 | D:5      | Noticed Grinder
  3722 | D:5      | Killed Grinder
  3776 | D:5      | Found an ancient bone altar of Kikubaaqudgha.
  3939 | D:5      | Noticed Blork the orc
  3944 | D:5      | Killed Blork the orc
  3945 | D:5      | Reached XP level 9. HP: 53/55 MP: 10/10
  3999 | D:5      | Found a runed translucent gate.
  3999 | D:5      | Found a runed translucent gate.
  3999 | D:5      | Found a runed translucent gate.
  4000 | D:5      | Noticed fearitself's ghost (novice VSWn)
  4136 | D:6      | Found a snail-covered altar of Cheibriados.
  4168 | D:6      | Reached skill level 7 in Armour
  4256 | D:6      | Found a white marble altar of Elyvilon.
  4256 | D:6      | Found a glowing golden altar of the Shining One.
  4348 | D:6      | Found a sparkling altar of Nemelex Xobeh.
  4450 | D:6      | Found a shimmering blue altar of Sif Muna.
  4948 | D:7      | Found Rojuh's Magic Scroll Shop.
  4956 | D:7      | Bought a scroll of identify for 28 gold pieces
  5129 | D:7      | Paralysed by a gnoll sergeant for 5 turns
  5356 | D:7      | Reached skill level 8 in Armour
  5902 | D:8      | Upgraded the game from 0.30-a0-773-gbab4234 to
                  | 0.30-a0-774-g4aa5aa1
  5922 | D:7      | Reached XP level 10. HP: 43/63 MP: 11/11
  6260 | D:8      | Found a transporter.
  6558 | D:8      | Reached skill level 9 in Armour
  6909 | D:8      | Found a transporter.
  6953 | D:8      | Found a transporter.
  6993 | D:8      | Found a transporter.
  7098 | D:8      | Found a hazy altar of Hepliaklqana.
  7104 | D:8      | Found an iron altar of Okawaru.
  7104 | D:8      | Found a glowing silver altar of Zin.
  7110 | D:8      | Became a worshipper of Hepliaklqana the Forgotten
  7403 | D:9      | Noticed a two-headed ogre
  7416 | D:9      | Killed a two-headed ogre
  7647 | D:9      | Noticed a boulder beetle
  7660 | D:10     | Entered Level 10 of the Dungeon
  7841 | D:10     | Noticed a two-headed ogre
  7850 | D:10     | Killed a two-headed ogre
  7851 | D:10     | Reached skill level 10 in Armour
  7851 | D:10     | Reached skill level 1 in Dodging
  7851 | D:10     | Reached XP level 11. HP: 59/71 MP: 12/12
  8171 | D:10     | Identified 2 scrolls of acquirement
  8172 | D:10     | Acquired a manual of Armour
  8174 | D:10     | Acquired the ring "Deicrom" {rPois rC++ rCorr Slay+4 SInv}
  8190 | D:10     | Reached * piety under Hepliaklqana
  8202 | D:10     | Found a broken altar of Ashenzari.
  8467 | D:10     | Found a staircase to the Orcish Mines.
  8817 | D:11     | Reached skill level 10 in Ranged Weapons
  9055 | D:11     | Noticed a death yak
  9078 | D:11     | Noticed a death yak
  9081 | D:11     | Noticed a death yak
  9130 | D:11     | Killed a death yak
  9131 | D:11     | Reached skill level 11 in Armour
  9138 | D:11     | Killed a death yak
  9316 | D:11     | Killed a death yak
  9456 | D:11     | Found a staircase to the Lair.
  9466 | D:11     | Reached ** piety under Hepliaklqana
  9467 | D:11     | Remembered your ancestor Zola as a knight
  9479 | Lair:1   | Entered Level 1 of the Lair of Beasts
  9554 | Lair:1   | Reached skill level 10 in Fighting
  9984 | Lair:1   | Reached skill level 5 in Shields
 10138 | Lair:1   | Reached skill level 12 in Armour
 10365 | Lair:1   | Reached XP level 12. HP: 70/70 MP: 13/13
 10383 | Lair:1   | Noticed a death yak
 10389 | Lair:1   | Noticed a death yak
 10391 | Lair:1   | Noticed a death yak
 10561 | Lair:1   | Killed a death yak
 10630 | Lair:1   | Killed a death yak
 10637 | Lair:1   | Killed a death yak
 10662 | Lair:2   | Found a staircase to the Snake Pit.
 10718 | Lair:2   | Reached skill level 13 in Armour
 10880 | Lair:2   | Reached *** piety under Hepliaklqana
 10900 | Lair:2   | Found a gate leading to a gauntlet.
 10929 | Gauntlet | Entered a Gauntlet
 10929 | Gauntlet | Found a transporter.
 10929 | Gauntlet | Found a transporter.
 10934 | Gauntlet | Found a transporter.
 10949 | Gauntlet | Found a transporter.
 10951 | Gauntlet | Found a large runed translucent door.
 10952 | Gauntlet | Found a large runed translucent door.
 10953 | Gauntlet | Found a large runed translucent door.
 10953 | Gauntlet | Found a large runed translucent door.
 10963 | Gauntlet | Found a transporter.
 10969 | Gauntlet | Noticed a soul eater
 10976 | Gauntlet | Found a transporter.
 10992 | Gauntlet | Found a transporter.
 11006 | Gauntlet | Found a large runed translucent door.
 11063 | Gauntlet | Found a transporter.
 11073 | Gauntlet | Found a transporter.
 11091 | Gauntlet | Found a transporter.
 11100 | Gauntlet | Found a transporter.
 11184 | Gauntlet | Found a transporter.
 11185 | Gauntlet | Found a transporter.
 11186 | Gauntlet | Found a large runed translucent door.
 11187 | Gauntlet | Found a large runed translucent door.
 11188 | Gauntlet | Found a large runed translucent door.
 11188 | Gauntlet | Found a large runed translucent door.
 11188 | Gauntlet | Found a runed translucent door.
 11188 | Gauntlet | Found a runed translucent door.
 11189 | Gauntlet | Found a large runed translucent door.
 11190 | Gauntlet | Found a large runed translucent door.
 11190 | Gauntlet | Found a large runed translucent door.
 11190 | Gauntlet | Found a large runed translucent door.
 11191 | Gauntlet | Found a large runed translucent door.
 11191 | Gauntlet | Found a large runed translucent door.
 11192 | Gauntlet | Found a runed translucent gate.
 11192 | Gauntlet | Found a runed translucent gate.
 11194 | Gauntlet | Found a transporter.
 11205 | Gauntlet | Found a transporter.
 11223 | Gauntlet | Found a transporter.
 11232 | Gauntlet | Found a runed translucent gate.
 11390 | Gauntlet | Identified the +6 scale mail "Hioroh" {rPois Stlth+}
 11449 | Gauntlet | Noticed a minotaur
 11486 | Gauntlet | Killed a minotaur
 11490 | Gauntlet | Identified the +1 ring mail "Hecohoan" {rElec rCorr Int+3}
 11633 | Lair:2   | Reached skill level 1 in Invocations
 11729 | Lair:2   | Identified the +2 robe of Ru's Brutal Revenge {Rampage
                  | Str+5}
 11904 | Lair:2   | Noticed a death yak
 11904 | Lair:2   | Noticed a death yak
 11905 | Lair:2   | Noticed a death yak
 11907 | Lair:2   | Noticed a death yak
 11911 | Lair:2   | Noticed a death yak
 11913 | Lair:2   | Killed a death yak
 11918 | Lair:2   | Killed a death yak
 11919 | Lair:2   | Reached skill level 14 in Armour
 11919 | Lair:2   | Reached skill level 1 in Evocations
 11930 | Lair:2   | Killed a death yak
 11937 | Lair:2   | Killed a death yak
 11938 | Lair:2   | Reached XP level 13. HP: 42/75 MP: 15/15
 12344 | Lair:2   | Found a staircase to the Shoals.
 12459 | Lair:3   | Found a frozen archway.
 12477 | IceCv    | Entered an ice cave
 12577 | IceCv    | Identified the +1 hand axe of Peace {elec, Will- rCorr
                  | Int+8}
 12586 | IceCv    | Learned a level 1 spell: Apportation
 12946 | IceCv    | Identified the +10 dire flail of Fedhas's Whim {flame,
                  | Will+}
 12954 | IceCv    | Identified the +0 dire flail "Wuceyc" {heavy, Will- Int+3
                  | Dex+3 SInv}
 13032 | Lair:3   | Noticed Gastronok
 13040 | Lair:3   | Killed Gastronok
 13055 | Lair:3   | Reached **** piety under Hepliaklqana
 13757 | Lair:4   | Reached skill level 15 in Armour
 13897 | Lair:4   | Found a viscous altar of Jiyva.
 14143 | Lair:4   | Found a staircase to the Slime Pits.
 14226 | Lair:4   | Noticed Snorg
 14232 | Lair:4   | Killed Snorg
 14433 | Lair:4   | Reached ***** piety under Hepliaklqana
 14473 | Lair:4   | Noticed Rupert
 14480 | Lair:4   | Paralysed by Rupert for 4 turns
 14487 | Lair:4   | Killed Rupert
 14491 | Lair:4   | Reached XP level 14. HP: 78/82 MP: 14/18
 14913 | Lair:5   | Entered Level 5 of the Lair of Beasts
 15010 | Lair:5   | Reached skill level 5 in Evocations
 15284 | Lair:4   | Reached skill level 5 in Invocations
 15364 | Lair:5   | Reached skill level 16 in Armour
 15364 | Lair:5   | Noticed Urug
 15372 | Lair:5   | Killed Urug
 15680 | Lair:5   | Reached skill level 5 in Dodging
 17476 | D:5      | Killed fearitself's ghost
 17632 | Orc:1    | Entered Level 1 of the Orcish Mines
 17632 | Orc:1    | Found Irecseix's Distillery.
 17836 | D:10     | Reached XP level 15. HP: 84/87 MP: 20/20
 17901 | Orc:1    | Bought a potion of heal wounds for 85 gold pieces
 18084 | Orc:1    | Found Piagoen's Distillery.
 18112 | Orc:1    | Found a runed translucent gate.
 18112 | Orc:1    | Found a runed translucent gate.
 18112 | Orc:1    | Found a runed translucent gate.
 18289 | Orc:1    | Found an opulent altar of Gozag.
 18364 | Orc:1    | Noticed Gunk's ghost (journeyman BaGl)
 18366 | Orc:1    | Found Xiarr's Assorted Antiques.
 18401 | Orc:2    | Entered Level 2 of the Orcish Mines
 18415 | Orc:2    | Noticed Nessos
 18421 | Orc:2    | Killed Nessos
 18509 | Orc:2    | Found a staircase to the Elven Halls.
 19170 | Orc:2    | Reached skill level 10 in Shields
 19597 | Orc:2    | Found Okhluw's Jewellery Shoppe.
 19757 | Orc:2    | Found Hilealast's General Store.
 19760 | Orc:2    | Found Agronwif's Antique Armour Shoppe.
 19761 | Orc:2    | Found Buwoomoi's Weapon Emporium.
 19762 | Orc:2    | Found Sadaany's Magic Scroll Emporium.
 19770 | Orc:2    | Bought a scroll of acquirement for 728 gold pieces
 19770 | Orc:2    | Acquired 369 gold pieces
 19773 | Orc:2    | Bought a potion of experience for 650 gold pieces
 19773 | Orc:2    | Reached XP level 16. HP: 93/93 MP: 22/22
 20059 | D:12     | Reached skill level 17 in Armour
 20097 | D:12     | Noticed Azrael
 20114 | D:12     | Killed Azrael
 20482 | D:12     | Noticed Kirke
 20493 | D:12     | Killed Kirke
 21429 | D:13     | Noticed Erolcha
 21436 | D:13     | Killed Erolcha
 21719 | D:13     | Found a gate to the Vaults.
 21814 | D:13     | Reached XP level 17. HP: 94/99 MP: 24/24
 22116 | D:14     | Reached ****** piety under Hepliaklqana
 23178 | D:15     | Entered Level 15 of the Dungeon
 23268 | D:15     | Noticed Louise
 23287 | D:15     | Killed Louise
 23890 | D:15     | Found a staircase to the Depths.
 24466 | Shoals:1 | Entered Level 1 of the Shoals
 24518 | Snake:1  | Entered Level 1 of the Snake Pit
 24969 | Snake:1  | Found a sacrificial altar of Ru.
 25115 | Snake:1  | Reached skill level 18 in Armour
 25176 | Snake:1  | Identified the +4 halberd "Oricok" {antimagic, rN+ rCorr
                  | Int+2}
 25450 | Snake:1  | Found Ipnoavae's Vocational Training.
 25927 | Snake:2  | Found Nemnon's Assorted Antiques.
 25929 | Snake:2  | Found Ginaix's Assorted Antiques.
 25938 | Snake:2  | Found Onlergh's Book Boutique.
 26133 | Snake:2  | Reached skill level 10 in Evocations
 26301 | Snake:2  | Found the +3 salamander hide armour {Flames, rFlCloud rF++
                  | rC--}
 26790 | Snake:3  | Found a runed translucent gate.
 26803 | Snake:3  | Found a runed translucent gate.
 26804 | Snake:3  | Found a runed translucent gate.
 26848 | Snake:3  | Noticed Escheon's ghost (adept MiBe)
 27281 | Snake:3  | Reached XP level 18. HP: 106/106 MP: 25/25
 27307 | Snake:3  | Reached skill level 15 in Fighting
 27724 | Snake:4  | Entered Level 4 of the Snake Pit
 28072 | Snake:4  | Noticed a quicksilver dragon
 28074 | Snake:4  | Killed from afar by a quicksilver dragon

Illustrated notes

Levels and vault maps discovered:
D:1:      onia_arrival_zoo_common, layout_basic
D:2:      layout_loops_cross, serial_shops, shop, nicolae_shop_statue_plus,
          nicolae_shop_statue_plus, minmay_tromino_v7
D:3:      layout_loops_ring, mainiacjoe_overflow_brackets,
          mainiacjoe_overflow_catwalk_spiral, uniq_jessica
D:4:      layout_gridville, minmay_temple_entry_crystal_x,
          kennysheep_nondescript
D:5:      layout_cave_pools, tgw_kikubaaqudgha, gammafunk_ghost_nasty_kobolds,
          uniq_ijyb, uniq_grinder, uniq_blork_the_orc
D:6:      layout_loops_ring, mainiacjoe_overflow_divided_tiny, led_sif_pool,
          kennysheep_slug_shrine, nemelex_dance_club_becter
D:7:      layout_cave_pods, enter_bailey_6, serial_shops, nicolae_lakefront_shop
D:8:      layout_basic, grunt_temple_overflow_diamond,
          nicolae_diode_intersection
D:9:      layout_loops_cross
D:10:     layout_irregular_city, mainiacjoe_overflow_small_starburst,
          orc_0_dummy, eino_jars
D:11:     layout_rooms, dpeg_lair_monsters, st_stairs_14
D:12:     layout_irregular_city, uniq_kirke, uniq_azrael
D:13:     regret_index_wax_grids, layout_loops_ring,
          skrybe_vaults_entry_preservation, uniq_erolcha
D:14:     layout_basic, kennysheep_generic_room_11
D:15:     gammafunk_enter_depths_forms, layout_loops_corners, uniq_louise
Temple:   compressed_dpeg_triangle_lava_temple
Lair:1:   layout_cave_pods
Lair:2:   layout_chaotic_city, elwin_shoals_entry_rooms, dummy_snake_entry,
          gauntlet_entry_generic
Lair:3:   layout_loops_ring, portal_ice_cave_entry_ice_simulacra,
          infiniplex_staircase_pool_2, grunt_megastairs_3, uniq_gastronok
Lair:4:   layout_gridlike, minmay_slime_entry_oklob_enclosed,
          lemuel_fruit_fields, uniq_rupert, uniq_snorg
Lair:5:   evilmike_catoblepas_cave, layout_hall_layers, serial_bayou_shore_a,
          uniq_urug
Shoals:1: layout_shoals
Snake:1:  layout_honeycomb, basic_altar, nicolae_shop_vocational
Snake:2:  layout_rooms, hellmonk_guarded_unrand_salamander, minmay_shop_star
Snake:3:  layout_misc_corridors, gammafunk_ghost_necromancy,
          hangedman_venom_bottle
Snake:4:  hellmonk_snake_rune_quicksilver_temple, layout_gridlike, special_room
Orc:1:    layout_caves, basic_altar, ebering_ghost_gozag, serial_shops,
          nicolae_shop_waterfront, shop, nicolae_orc_pool_cavern,
          mines_bat_river, uniq_josephine, uniq_sonja
Orc:2:    st_orc_pillars, layout_caves, serial_shops, nicolae_square_shop,
          uniq_nessos

Skill      XL: |  1  2  3  4  5  6  7  8  9 10 11 12 13 14 15 16 17 18 |
---------------+-------------------------------------------------------+-----
Polearms       | 3 4 5 6 7 8 |  8.1
Armour         | 4 5 6 8 10 12 14 15 16 17 18 | 18.5
Ranged Weapons | 1 3 4 5 7 9 10 11 12 13 14 | 14.1
Fighting       | 4 6 7 9 10 11 12 13 14 15 | 15.1
Shields        | 4 5 7 8 9 10 11 12 | 12.7
Dodging        | 1 4 5 |  5.0
Invocations    | 2 4 6 7 8 9 |  9.0
Evocations     | 1 4 6 7 8 10 | 10.6

Action                     |  1- 3 |  4- 6 |  7- 9 | 10-12 | 13-15 | 16-18 || total
---------------------------+-------+-------+-------+-------+-------+-------++-------
  Melee: Trident           |    70 |    77 |    80 |       |       |       ||   227
         Kick              |     7 |    10 |    22 |       |       |       ||    39
         Peck              |     2 |     2 |    20 |       |       |       ||    24
         Sling             |       |       |       |     1 |       |       ||     1
   Fire: Sling             |       |    39 |   213 |   661 |  1103 |  1024 ||  3040
 Invoke: Recall Ancestor   |       |       |       |     4 |    15 |     2 ||    21
         Ancestor Life: Kn |       |       |       |     1 |       |       ||     1
         Idealise          |       |       |       |       |     1 |     1 ||     2
  Evoke: Wand              |       |       |       |     2 |       |       ||     2
    Use: Scroll            |       |     4 |     6 |    17 |    10 |     7 ||    44
         Potion            |       |     1 |     2 |     3 |     1 |     2 ||     9
 Armour: Scale mail        |    12 |    25 |    60 |    78 |   109 |    97 ||   381
  Dodge: Dodged            |     9 |    25 |   120 |   229 |   130 |   124 ||   637
  Block: Buckler           |     5 |    11 |    38 |       |       |       ||    54
         Other             |       |       |       |    12 |       |       ||    12
         Kite shield       |       |       |       |    72 |   307 |   278 ||   657
         Reflection        |       |       |       |     2 |    11 |    43 ||    56

Table legend: (Time is in decaauts)
 A = Elapsed time spent in this place.
 B = Non-inter-level travel time spent in this place.
 C = Inter-level travel time spent in this place.
 D = Time resting spent in this place.
 E = Time spent auto-exploring this place.
 F = Levels seen in this place.
 G = Mean time per level.
                   A        B        C        D        E       F      G
               +--------+--------+--------+--------+--------+-----+--------+
         Total |  26629 |  25107 |   1522 |   5059 |  13963 |  30 |  887.6 |
       Dungeon |  14175 |  13247 |    928 |   2483 |   7855 |  15 |  945.0 |
        Temple |    124 |    124 |      0 |      0 |     70 |   1 |  124.0 |
          Lair |   5911 |   5461 |    450 |   1196 |   2850 |   5 | 1182.2 |
        Shoals |      1 |      1 |      0 |      0 |      0 |   1 |    1.0 |
     Snake Pit |   3340 |   3252 |     88 |    546 |   2054 |   4 |  835.0 |
  Orcish Mines |   1969 |   1915 |     54 |    541 |    921 |   2 |  984.5 |
      Ice Cave |    506 |    506 |      0 |    190 |      0 |   1 |  506.0 |
      Gauntlet |    600 |    600 |      0 |    101 |    211 |   1 |  600.0 |
               +--------+--------+--------+--------+--------+-----+--------+

Top non-repeatable levels by time:
  Lair:5: 1489 daAuts
   Orc:2: 1435 daAuts
     D:7: 1393 daAuts
    D:10: 1359 daAuts
    D:13: 1340 daAuts
  Lair:4: 1291 daAuts
 Snake:3: 1246 daAuts
  Lair:1: 1231 daAuts
     D:8: 1170 daAuts
  Lair:2: 1106 daAuts
    D:15: 1035 daAuts
    D:14: 1004 daAuts
 Snake:1: 989 daAuts
     D:3: 952 daAuts
    D:11: 907 daAuts
